| TOP OF THE 1ST |
|
Fargo Brewmasters batting - Pitching for Caldwell Claws : RHP Timothy Fuller
|
|
Pitching: RHP Timothy Fuller
|
|
|
Batting: RHB Billy Hatcher
|
0-0: Reached on error, E5 (Groundball, 56S, EV 83.1 MPH)
|
|
Batting: RHB Kevin Buckley
|
0-0: Ball 1-0: Called Strike 1-1: Foul Ball, location: 2F 1-2: Strikes out swinging
|
|
Batting: LHB Victor Fernandez
|
0-0: Called Strike 0-1: Ball 1-1: Fly out, F8 (Flyball, 78D, EV 74.4 MPH)
|
|
Batting: RHB Kenneth Tillman
|
0-0: Called Strike Billy Hatcher is caught stealing 2nd base 2-4
|
| Top of the 1st over - 0 runs, 0 hits, 1 error, 0 left on base; Fargo 0 - Caldwell 0 |
| BOTTOM OF THE 1ST |
|
Caldwell Claws batting - Pitching for Fargo Brewmasters : RHP Kendall Driggers
|
|
Pitching: RHP Kendall Driggers
|
|
|
Batting: RHB Ricky Baker
|
0-0: Ball 1-0: Bunted foul 1-1: SINGLE (Groundball, 34, EV 86.3 MPH) (infield hit)
|
|
Batting: RHB Israel Gutierrez
|
0-0: Ball Ricky Baker steals 2nd base 1-0: Ball 2-0: Ball 3-0: Swinging Strike 3-1: Swinging Strike 3-2: Fly out, F8 (Flyball, 8LM, EV 83.1 MPH)
|
|
Batting: RHB Charles Despaux
|
0-0: Called Strike 0-1: Ball 1-1: SINGLE (Flyball, 7S, EV 91.9 MPH) Ricky Baker to third Runner from 3rd tries for Home, SAFE, no throw by LF
|
|
Batting: RHB Anthony Masone
|
0-0: Ball 1-0: Called Strike Charles Despaux steals 2nd base 1-1: Fly out, F7 (Flyball, 7D, EV 93.8 MPH) Runner from 2nd tags up, SAFE at 3rd, no throw by LF
|
|
Batting: LHB Tom Lombarski
|
0-0: Ball 1-0: Ball 2-0: Called Strike 2-1: Ground out 4-3 (Groundball, 4, EV 103.8 MPH)
|
| Bottom of the 1st over - 1 run, 2 hits, 0 errors, 1 left on base; Fargo 0 - Caldwell 1 |
| TOP OF THE 2ND |
|
Fargo Brewmasters batting - Pitching for Caldwell Claws : RHP Timothy Fuller
|
|
Batting: RHB Kenneth Tillman
|
0-0: Ball 1-0: Swinging Strike 1-1: Fly out, F4 (Popup, 34D, EV 48.1 MPH)
|
|
Batting: RHB Ken Dowell
|
0-0: Ball 1-0: Swinging Strike 1-1: Fly out, F8 (Flyball, 8LM, EV 88.8 MPH)
|
|
Batting: RHB Abe Rael
|
0-0: Ground out 6-3 (Groundball, 6, EV 91.3 MPH)
|
| Top of the 2nd over - 0 runs, 0 hits, 0 errors, 0 left on base; Fargo 0 - Caldwell 1 |
| BOTTOM OF THE 2ND |
|
Caldwell Claws batting - Pitching for Fargo Brewmasters : RHP Kendall Driggers
|
|
Batting: RHB Don Hyman
|
0-0: Ball 1-0: Ball 2-0: Ball 3-0: Called Strike 3-1: Ground out 3-1 (Groundball, 34, EV 107.5 MPH)
|
|
Batting: SHB Drew Perkins
|
0-0: Called Strike 0-1: Ball 1-1: Fly out, F7 (Flyball, 7, EV 88.8 MPH)
|
|
Batting: RHB Domingo Ramos
|
0-0: Ball 1-0: Ball 2-0: Called Strike 2-1: Foul Ball, location: 2F 2-2: Foul Ball, location: 2F 2-2: Foul Ball, location: 2F 2-2: Ball 3-2: Ground out 5-3 (Groundball, 56, EV 100.6 MPH)
|
| Bottom of the 2nd over - 0 runs, 0 hits, 0 errors, 0 left on base; Fargo 0 - Caldwell 1 |
| TOP OF THE 3RD |
|
Fargo Brewmasters batting - Pitching for Caldwell Claws : RHP Timothy Fuller
|
|
Batting: SHB Alan Regier
|
0-0: Ball 1-0: Ball 2-0: Ball 3-0: Called Strike 3-1: Bunt for hit to 13 - play at first, batter OUT! 1-3
|
|
Batting: RHB Tom Riley
|
0-0: SINGLE (Groundball, 6MD, EV 113.8 MPH)
|
|
Batting: SHB Steve Scafa
|
0-0: Ball 1-0: Called Strike 1-1: Foul Ball, location: 2F 1-2: Foul Ball, location: 2F 1-2: Strikes out swinging
|
|
Batting: RHB Billy Hatcher
|
0-0: Fly out, F9 (Flyball, 89S, EV 91.3 MPH)
|
| Top of the 3rd over - 0 runs, 1 hit, 0 errors, 1 left on base; Fargo 0 - Caldwell 1 |
| BOTTOM OF THE 3RD |
|
Caldwell Claws batting - Pitching for Fargo Brewmasters : RHP Kendall Driggers
|
|
Batting: LHB P.K. Kirsch
|
0-0: SINGLE (Groundball, 6MD, EV 101.3 MPH)
|
|
Batting: RHB Ricky Baker
|
0-0: Foul Ball, location: 2F 0-1: Ball 1-1: Ball 2-1: Foul Ball, location: 2F 2-2: DOUBLE (Flyball, 8LXD, EV 88.8 MPH) P.K. Kirsch to third
|
|
Batting: RHB Israel Gutierrez
|
0-0: Called Strike 0-1: Ball 1-1: Ball 2-1: Swinging Strike 2-2: Foul Ball, location: 2F 2-2: Ball 3-2: Fly out, F8 (Line Drive, 8RM, EV 106.3 MPH) Runner from 3rd tags up, SCORES, no throw by CF
|
|
Batting: RHB Charles Despaux
|
0-0: Called Strike 0-1: Ball Ricky Baker steals 3rd base 1-1: Called Strike 1-2: Foul Ball, location: 2F 1-2: Fly out, F4 (Line Drive, 4, EV 68.1 MPH)
|
|
Batting: RHB Anthony Masone
|
0-0: Ball 1-0: Fly out, F5 (Flyball, 5D, EV 87.5 MPH)
|
| Bottom of the 3rd over - 1 run, 2 hits, 0 errors, 1 left on base; Fargo 0 - Caldwell 2 |
| TOP OF THE 4TH |
|
Fargo Brewmasters batting - Pitching for Caldwell Claws : RHP Timothy Fuller
|
|
Batting: RHB Kevin Buckley
|
0-0: Foul Ball, location: 2F 0-1: Ball 1-1: Ball 2-1: Swinging Strike 2-2: Foul Ball, location: 2F 2-2: Fly out, F8 (Flyball, 8RD, EV 104.4 MPH)
|
|
Batting: LHB Victor Fernandez
|
0-0: Called Strike 0-1: Ground out 3-1 (Groundball, 34, EV 78.8 MPH)
|
|
Batting: RHB Kenneth Tillman
|
0-0: Foul Ball, location: 2F 0-1: Ball 1-1: Foul Ball, location: 2F 1-2: Ball 2-2: Ball 3-2: DOUBLE (Line Drive, 9LD, EV 105.0 MPH)
|
|
Batting: RHB Ken Dowell
|
0-0: Called Strike 0-1: Called Strike 0-2: Ball 1-2: Ball 2-2: Ground out 6-3 (Groundball, 6, EV 88.8 MPH)
|
| Top of the 4th over - 0 runs, 1 hit, 0 errors, 1 left on base; Fargo 0 - Caldwell 2 |
| BOTTOM OF THE 4TH |
|
Caldwell Claws batting - Pitching for Fargo Brewmasters : RHP Kendall Driggers
|
|
Batting: LHB Tom Lombarski
|
0-0: Called Strike 0-1: DOUBLE (Flyball, 89XD, EV 102.5 MPH)
|
|
Batting: RHB Don Hyman
|
0-0: Fly out, F8 (Flyball, 8LXD, EV 92.5 MPH) Runner from 2nd tags up, SAFE at 3rd, no throw by CF
|
|
Batting: SHB Drew Perkins
|
0-0: Ball 1-0: Called Strike 1-1: Fly out, F8 (Flyball, 8RXD, EV 102.5 MPH) Runner from 3rd tags up, SCORES, no throw by CF
|
|
Batting: RHB Domingo Ramos
|
0-0: Swinging Strike 0-1: Foul Ball, location: 2F 0-2: Strikes out swinging
|
| Bottom of the 4th over - 1 run, 1 hit, 0 errors, 0 left on base; Fargo 0 - Caldwell 3 |
| TOP OF THE 5TH |
|
Fargo Brewmasters batting - Pitching for Caldwell Claws : RHP Timothy Fuller
|
|
Batting: RHB Abe Rael
|
0-0: Called Strike 0-1: Called Strike 0-2: Ground out 6-3 (Groundball, 6, EV 83.8 MPH)
|
|
Batting: SHB Alan Regier
|
0-0: Called Strike 0-1: Ball 1-1: SINGLE (Line Drive, 3L, EV 106.3 MPH)
|
|
Batting: RHB Tom Riley
|
0-0: Called Strike Alan Regier steals 2nd base 0-1: Ball 1-1: Foul Ball, location: 2F 1-2: Ball 2-2: Ground out 1-3 (Groundball, P, EV 90.6 MPH) Alan Regier to third
|
|
Batting: SHB Steve Scafa
|
0-0: Foul Ball, location: 2F 0-1: Ball 1-1: Foul Ball, location: 2F 1-2: Ball 2-2: Ball 3-2: Foul Ball, location: 2F 3-2: Foul Ball, location: 2F 3-2: Reached on error, E4 (Groundball, 34D, EV 105.6 MPH) Alan Regier scores
|
|
Batting: RHB Billy Hatcher
|
0-0: Ball 1-0: Called Strike 1-1: Ground out 4-3 (Groundball, 34, EV 105.6 MPH)
|
| Top of the 5th over - 1 run, 1 hit, 1 error, 1 left on base; Fargo 1 - Caldwell 3 |
| BOTTOM OF THE 5TH |
|
Caldwell Claws batting - Pitching for Fargo Brewmasters : RHP Kendall Driggers
|
|
Batting: LHB P.K. Kirsch
|
0-0: Fly out, F7 (Flyball, 7LS, EV 88.8 MPH)
|
|
Batting: RHB Ricky Baker
|
0-0: SINGLE (Groundball, 5, EV 105.0 MPH) (infield hit)
|
|
Batting: RHB Israel Gutierrez
|
0-0: Called Strike 0-1: Ball 1-1: SINGLE (Line Drive, 9S, EV 108.8 MPH) Ricky Baker to second
|
|
Batting: RHB Charles Despaux
|
0-0: Ball 1-0: SINGLE (Line Drive, 9S, EV 95.6 MPH) Ricky Baker to third Israel Gutierrez to second
|
|
Batting: RHB Anthony Masone
|
0-0: Swinging Strike 0-1: Called Strike 0-2: Strikes out swinging
|
|
Batting: LHB Tom Lombarski
|
0-0: Ball 1-0: Ball 2-0: Foul Ball, location: 2F 2-1: Swinging Strike 2-2: Ball 3-2: Strikes out swinging
|
| Bottom of the 5th over - 0 runs, 3 hits, 0 errors, 3 left on base; Fargo 1 - Caldwell 3 |
| TOP OF THE 6TH |
|
Fargo Brewmasters batting - Pitching for Caldwell Claws : RHP Timothy Fuller
|
|
Batting: RHB Kevin Buckley
|
0-0: Fly out, F5 (Line Drive, 5, EV 71.9 MPH)
|
|
Batting: LHB Victor Fernandez
|
0-0: Ground out 6-3 (Groundball, 4M, EV 96.3 MPH)
|
|
Batting: RHB Kenneth Tillman
|
0-0: Foul Ball, location: 2F 0-1: SINGLE (Groundball, 34D, EV 107.5 MPH)
|
|
Batting: RHB Ken Dowell
|
0-0: Ball Kenneth Tillman steals 2nd base 1-0: Called Strike 1-1: Ball 2-1: Foul Ball, location: 2F 2-2: Foul Ball, location: 2F 2-2: Ball 3-2: Foul Ball, location: 2F 3-2: Foul Ball, location: 2F 3-2: Ground out 6-3 (Groundball, 6S, EV 76.9 MPH)
|
| Top of the 6th over - 0 runs, 1 hit, 0 errors, 1 left on base; Fargo 1 - Caldwell 3 |
| BOTTOM OF THE 6TH |
|
Caldwell Claws batting - Pitching for Fargo Brewmasters : RHP Kendall Driggers
|
|
Batting: RHB Don Hyman
|
0-0: Ball 1-0: SINGLE (Groundball, 56D, EV 106.9 MPH)
|
|
Batting: SHB Drew Perkins
|
0-0: Fly out, F4 (Popup, 34S, EV 75.6 MPH)
|
|
Batting: RHB Domingo Ramos
|
0-0: Ground out 4-3 (Groundball, 4, EV 77.5 MPH) Don Hyman to second
|
|
Batting: LHB P.K. Kirsch
|
0-0: Ball 1-0: Ball 2-0: Called Strike 2-1: Ball 3-1: Fly out, F5 (Popup, 5SF, EV 85.0 MPH)
|
| Bottom of the 6th over - 0 runs, 1 hit, 0 errors, 1 left on base; Fargo 1 - Caldwell 3 |
| TOP OF THE 7TH |
|
Fargo Brewmasters batting - Pitching for Caldwell Claws : RHP Timothy Fuller
|
|
Batting: RHB Abe Rael
|
0-0: Fly out, F5 (Popup, 56S, EV 63.8 MPH)
|
|
Batting: SHB Alan Regier
|
0-0: Ball 1-0: Ball 2-0: SINGLE (Groundball, 3S, EV 63.8 MPH) (infield hit)
|
|
Batting: RHB Tom Riley
|
0-0: Ball 1-0: Foul Ball, location: 2F 1-1: Ball 2-1: Fielders Choice at 2nd, 1-6 (Groundball, 13, EV 86.3 MPH)
|
|
Batting: SHB Steve Scafa
|
0-0: Called Strike Tom Riley steals 2nd base 0-1: Called Strike 0-2: SINGLE (Groundball, 3D, EV 98.8 MPH) Tom Riley to third Runner from 3rd tries for Home, SAFE, throw by RF to home Steve Scafa to second
|
|
Batting: RHB Billy Hatcher
|
0-0: Fly out, F8 (Flyball, 8RM, EV 95.0 MPH)
|
| Top of the 7th over - 1 run, 2 hits, 0 errors, 1 left on base; Fargo 2 - Caldwell 3 |
| BOTTOM OF THE 7TH |
|
Caldwell Claws batting - Pitching for Fargo Brewmasters : RHP Kendall Driggers
|
|
Batting: RHB Ricky Baker
|
0-0: Swinging Strike 0-1: Foul Ball, location: 2F 0-2: Ball 1-2: Ground out 1-3 (Groundball, 23, EV 85.6 MPH)
|
|
Batting: RHB Israel Gutierrez
|
0-0: Ball 1-0: Foul Ball, location: 2F 1-1: Ball 2-1: Swinging Strike 2-2: Ball 3-2: SINGLE (Groundball, 6MD, EV 103.8 MPH)
|
|
Batting: RHB Charles Despaux
|
0-0: Ball 1-0: Ball 2-0: Ball 3-0: Called Strike 3-1: Ground out 5-3 (Groundball, 56S, EV 71.9 MPH) Israel Gutierrez to second
|
|
Batting: RHB Anthony Masone
|
0-0: Ball 1-0: Called Strike 1-1: Swinging Strike 1-2: SINGLE (Groundball, 56D, EV 93.8 MPH) Israel Gutierrez to third Runner from 3rd tries for Home, SAFE, throw by LF to home
|
|
Batting: LHB Tom Lombarski
|
0-0: Ball 1-0: Foul Ball, location: 2F 1-1: Ball 2-1: Reached on error, E4 (Groundball, 4S, EV 74.4 MPH) Anthony Masone to third
|
|
Batting: RHB Don Hyman
|
0-0: Ground out U3 (Groundball, 34, EV 85.0 MPH)
|
| Bottom of the 7th over - 1 run, 2 hits, 1 error, 2 left on base; Fargo 2 - Caldwell 4 |
| TOP OF THE 8TH |
|
Fargo Brewmasters batting - Pitching for Caldwell Claws : RHP Timothy Fuller
|
|
Pitching: RHP Daniel St. Clair
|
|
|
Batting: RHB Kevin Buckley
|
0-0: Foul Ball, location: 2F 0-1: Swinging Strike 0-2: Foul Ball, location: 2F 0-2: Ball 1-2: Ground out 1-3 (Groundball, 13, EV 65.6 MPH)
|
|
Batting: LHB Victor Fernandez
|
0-0: Fly out, F7 (Flyball, 7LMF, EV 94.4 MPH)
|
|
Batting: RHB Kenneth Tillman
|
0-0: Ball 1-0: Called Strike 1-1: Ball 2-1: Swinging Strike 2-2: Strikes out swinging, 2-3 out at first.
|
| Top of the 8th over - 0 runs, 0 hits, 0 errors, 0 left on base; Fargo 2 - Caldwell 4 |
| BOTTOM OF THE 8TH |
|
Caldwell Claws batting - Pitching for Fargo Brewmasters : RHP Kendall Driggers
|
|
Batting: SHB Drew Perkins
|
0-0: Ball 1-0: Ground out 4-3 (Groundball, 34, EV 84.4 MPH)
|
|
Batting: RHB Domingo Ramos
|
0-0: Foul Ball, location: 2F 0-1: Ground out 6-3 (Groundball, 56, EV 80.0 MPH)
|
|
Batting: LHB P.K. Kirsch
|
0-0: Ball 1-0: Ball 2-0: Ground out U3 (Groundball, 3, EV 85.0 MPH)
|
| Bottom of the 8th over - 0 runs, 0 hits, 0 errors, 0 left on base; Fargo 2 - Caldwell 4 |
| TOP OF THE 9TH |
|
Fargo Brewmasters batting - Pitching for Caldwell Claws : RHP Daniel St. Clair
|
|
Batting: RHB Ken Dowell
|
0-0: Ball 1-0: Fly out, F8 (Flyball, 8RM, EV 91.3 MPH)
|
|
Batting: RHB Abe Rael
|
0-0: Called Strike 0-1: Ground out 2-3 (Groundball, 2L, EV 61.3 MPH)
|
|
Batting: SHB Alan Regier
|
0-0: Called Strike 0-1: Ball 1-1: Foul Ball, location: 2F 1-2: Foul Ball, location: 2F 1-2: Ground out 2-3 (Groundball, 2L, EV 67.5 MPH)
|
| Top of the 9th over - 0 runs, 0 hits, 0 errors, 0 left on base; Fargo 2 - Caldwell 4 |
|